 Dungeon Crawl Stone Soup version 0.31-a0-152-g6aa68a64a1 (webtiles) character file.

Game seed: 17748752047548099523

95 Hajna the Sneak (level 4, -2/22 HPs)
             Began as a Spriggan Enchanter on June 10, 2023.
             Was an Initiate of Ashenzari.
             Killed from afar by a gnoll (10 damage)
             ... with a puff of flame
             ... on level 4 of the Dungeon.
             The game lasted 00:20:32 (1795 turns).

Hajna the Sneak (Spriggan Enchanter)                Turns: 1795, Time: 00:20:33

Health: -2/22      AC:  2    Str:  7    XL:     4   Next: 40%
Magic:  18/18      EV: 18    Int: 16    God:    Ashenzari [......]
Gold:   157        SH:  0    Dex: 15    Spells: 4/9 levels left

rFire   x . .        a - +1 dagger
rCold   + . .        (no shield)
rNeg    . . .        b - +0 robe
rPois   .            (helmet restricted)
rElec   +            (no cloak)
rCorr   .            (gloves unavailable)
SInv    +            (boots unavailable)
Will    +....        (no amulet)
Stlth   +++          k - ring of magical power
HPRegen 0.23/turn    l - ring "Share My Malaise" {Ice rElec Will+ Str+3 Dex-2, Cun, Fort} (curse)
MPRegen 0.16/turn

%: no passive effects
@: very slightly contaminated, very quick
A: very small, no large weapons, unfitting armour, see invisible, speed 3
a: Renounce Religion, Shatter the Chains


You were on level 4 of the Dungeon.
You worshipped Ashenzari.
Ashenzari was noncommittal.
You visited 1 branch of the dungeon, and saw 5 of its levels.

You collected 157 gold pieces.

Inventory:

Hand Weapons
 a - a +1 dagger (weapon)
 m - a +0 short sword
Armour
 b - a +0 robe (worn)
 i - a +0 pair of boots
Magical Staves
 h - a staff of cold
Jewellery
 k - a ring of magical power (left hand)
 l - the cursed ring "Share My Malaise" (right hand) {Ice rElec Will+ Str+3 Dex-2, Cun, Fort}
   (You acquired it on level 3 of the Dungeon)

   [ring of ice]

   It enhances your ice magic.
   Str:       It affects your strength (+3).
   Dex:       It affects your dexterity (-2).
   rF:        It makes you vulnerable to fire.
   rC:        It protects you from cold.
   rElec:     It insulates you from electricity.
   Will:      It increases your willpower.
   It has a curse which improves the following skills: Cunning: Dodging and
   Stealth.
   Fortitude: Armour and Shields.
Scrolls
 d - 2 scrolls of silence
 j - 2 scrolls of teleportation
Potions
 c - 2 potions of invisibility
 e - a potion of attraction
 f - a potion of haste {unknown}


   Skills:
 * Level 1.0 Fighting
 + Level 1.9 Short Blades
 + Level 3.2(3.5) Dodging
 + Level 5.7(6.1) Stealth
 + Level 3.2 Spellcasting
 + Level 4.1 Hexes
 + Level 0.5 Ice Magic


You had 4 spell levels left.
You knew the following spells:

 Your Spells              Type           Power      Damage    Failure   Level
a - Ensorcelled Hibernat  Hex/Ice        30%        N/A       11%         2
b - Confusing Touch       Hex            15%        N/A       10%         3

Your spell library contained the following spells:

 Spells                   Type           Power      Damage    Failure   Level
 Tukima's Dance           Hex            15%        N/A       10%         3
 Dazzling Flash           Conj/Hex       18%        N/A       24%         3
 Inner Flame              Hex/Fire       9%         N/A       24%         3
 Sublimation of Blood     Necr           2%         N/A       28%         2
 Flame Wave               Conj/Fire      2%         2d4       88%         4
 Petrify                  Tmut/Erth      2%         N/A       88%         4
 Sticky Flame             Conj/Fire      2%         2d3       88%         4
 Irradiate                Conj/Tmut      1%         3d12      99%         5


Dungeon Overview and Level Annotations

Branches:
Dungeon (5/15)
 Temple: D:4-7

Altars:
Ashenzari

Annotations:
D:3 Natasha


Innate Abilities, Weirdness & Mutations

You are very small and have problems with some larger weapons.
You are too small for most types of armour.
You have supernaturally acute eyesight. (SInv)
You cover ground extremely quickly. (Speed+++)


Message History

You feel a surge of power!
The gnoll looks drowsy...
The gnoll shouts!
You hear an angry growl.
Casting: Ensorcelled Hibernation (safe; 11% risk of failure)
Confirm with . or Enter, or press ? or * to list all spells.
Aiming: Ensorcelled Hibernation (safe; 11% risk of failure)
Press: ? - help, Shift-Dir - straight line, f - hobgoblin, p - gnoll
Aim: a hobgoblin (chance to affect: 66%)
You feel a surge of power!
The hobgoblin looks drowsy...
The helpless hobgoblin fails to defend itself.
You impale the hobgoblin!!
You kill the hobgoblin!
The gnoll zaps a wand.
The puff of flame hits you! The fire burns you terribly!
Ouch! That really hurt!
Casting: Ensorcelled Hibernation (safe; 11% risk of failure)
Confirm with . or Enter, or press ? or * to list all spells.
Aiming: Ensorcelled Hibernation (safe; 11% risk of failure)
Press: ? - help, Shift-Dir - straight line, f - gnoll
Aim: a gnoll, wielding a +0 club and carrying a wand of flame (30) (chance to affect: 57%)
You feel a surge of power!
You miscast Ensorcelled Hibernation.
You are very lightly contaminated with residual magic.
Nothing appears to happen.
A gnoll comes into view. It is wielding a +0 halberd.
You hit the gnoll but do no damage. The gnoll closely misses you.
You hit the gnoll.
The gnoll is moderately wounded.
The gnoll hits you with a +0 club.
* * * LOW HITPOINT WARNING * * *
A black bear comes into view.
It was a potion of ambrosia.
You are confused.
You feel invigorated.
The black bear growls angrily.
The gnoll shouts!
The gnoll closely misses you. The gnoll hits you with a +0 flail.
The gnoll hits you with a +0 battleaxe. The gnoll hits you with a +0 battleaxe!
* * * LOW HITPOINT WARNING * * *
You hit the gnoll but do no damage.
You feel less invigorated.
You feel less confused.
The gnoll zaps a wand.
The puff of flame hits you! The fire burns you terribly!
You die...

##..#..#.........###
##...##.###.........#
#......####..........
##.....###............ ##
#...#.................
#..#...#..###............
##...†..g.###..###....>...
#.....g.g.####. ##.......
#.......#g@.# #. #.......
#.....?.#....#.. #......##
#.......h....).. #.......#
#.#.......).#..#.........#
##..........####...####...
#..........# ... ##..
...........# ..........


You could see a black bear and 4 gnolls.

Vanquished Creatures
  A sleepcap (D:4)
  An adder (D:4)
  3 dart slugs
  3 orcs (D:3)
  4 endoplasms
  3 giant cockroaches
  3 goblins
  7 hobgoblins
  2 jackals (D:3)
  2 quokkas (D:1)
  4 ball pythons
  4 bats
  2 frilled lizards (D:1)
  2 kobolds (D:1)
  5 rats
46 creatures vanquished.

Notes
Turn   | Place    | Note
-------+----------+-------------------------------------------
     0 | D:1      | Hajna the Spriggan Enchanter began the quest for the Orb.
     0 | D:1      | Reached XP level 1. HP: 9/9 MP: 5/5
   200 | D:1      | Reached XP level 2. HP: 12/13 MP: 6/6
   203 | D:1      | Learned a level 2 spell: Ensorcelled Hibernation
   299 | D:1      | Reached skill level 5 in Stealth
   782 | D:2      | Reached XP level 3. HP: 16/16 MP: 8/8
   793 | D:2      | Learned a level 3 spell: Confusing Touch
  1076 | D:2      | Found a broken altar of Ashenzari.
  1081 | D:2      | Became a worshipper of Ashenzari the Shackled
  1275 | D:3      | Identified a scroll of acquirement
  1275 | D:3      | Acquired the ring of Royalty {Ice rElec Will+ Str+3 Dex-2}
  1376 | D:3      | Identified the +1 pair of boots "Ihoreamn" {rN++ Will+
                  | rCorr Int-5}
  1612 | D:3      | Noticed Natasha
  1635 | D:3      | You fall into a shaft and drop 2 floors!
  1635 | D:5      | Entered Level 5 of the Dungeon
  1749 | D:4      | Reached skill level 1 in Fighting
  1749 | D:4      | Reached XP level 4. HP: 16/22 MP: 9/9
  1790 | D:4      | Noticed a black bear
  1795 | D:4      | Killed from afar by a gnoll

Illustrated notes

Levels and vault maps discovered:
D:1:      psy_arrival_conway, layout_basic, nicolae_hexahallways
D:2:      layout_loops_ring, basic_altar
D:3:      layout_rooms, pdpol_wu_jian_five_deadly_venoms, uniq_natasha
D:4:      layout_cave_pools, minmay_temple_entry_slanted, uniq_blork_the_orc
D:5:      layout_basic, nicolae_overflow_hallway_of_the_gods

Skill      XL: |  1  2  3 |
---------------+----------+-----
Stealth        | 5 |  5.7
Spellcasting   | 3 |  3.2
Dodging        | 3 |  3.2
Hexes          | 4 |  4.1
Fighting       | 1 |  1.0
Short Blades   | |  1.9
Ice Magic      | |  0.5

Action                     |  1- 3 |  4- 6 || total
---------------------------+-------+-------++-------
  Melee: Dagger            |   146 |     5 ||   151
   Cast: Ensorcelled Hiber |    25 |     3 ||    28
         Confusing Touch   |     4 |       ||     4
 Invoke: Curse Item        |     1 |       ||     1
    Use: Scroll            |     7 |       ||     7
         Potion            |     1 |     1 ||     2
   Stab: Sleeping          |    28 |     2 ||    30
         Confused          |     3 |       ||     3
 Armour: Robe              |     9 |       ||     9
  Dodge: Dodged            |    97 |     2 ||    99

Table legend: (Time is in decaauts)
 A = Elapsed time spent in this place.
 B = Non-inter-level travel time spent in this place.
 C = Inter-level travel time spent in this place.
 D = Time resting spent in this place.
 E = Time spent auto-exploring this place.
 F = Levels seen in this place.
 G = Mean time per level.
                   A        B        C        D        E       F      G
               +--------+--------+--------+--------+--------+-----+--------+
         Total |   1224 |    564 |    660 |      0 |      0 |   5 |  244.8 |
       Dungeon |   1224 |    564 |    660 |      0 |      0 |   5 |  244.8 |
               +--------+--------+--------+--------+--------+-----+--------+

Top non-repeatable levels by time:
     D:1: 519 daAuts
     D:2: 338 daAuts
     D:3: 230 daAuts
     D:5: 80 daAuts
     D:4: 54 daAuts
